[Event "Titled Tuesday Blitz July 26 Late 2022"]
[White "Arencibia Monduy, Antonio"]
[Black "Ovchinnikov, Vsevolod"]
[WhiteFideId "3507939"]
[BlackFideId "24176842"]
[WhiteElo "2539"]
[BlackElo "2376"]
[Result "1-0"]
[Round "05"]
[TimeControl "180+1"]
[Date "2022.07.27"]
[WhiteClock "0:00:04"]
[BlackClock "0:00:01"]

1. e4 g6 2. d4 Bg7 3. Nf3 d6 4. Be2 Nf6 5. Nc3 O-O 6. h3 a6 7. a4 Nbd7 8. O-O e5 9. Re1 b6 10. d5 Ne8 11. Nh2 f5 12. f4 exf4 13. Bxf4 fxe4 14. Be3 Nef6 15. Qd2 Ne5 16. Rf1 Bd7 17. Bg5 Qc8 18. Qe3 Qb7 19. Rad1 Rae8 20. Bxf6 Bxf6 21. Nxe4 Bg7 22. Rxf8+ Rxf8 23. c4 h6 24. Ng4 Bxg4 25. Bxg4 Nxc4 26. Be6+ Kh7 27. Qe2 Ne5 28. Rc1 b5 29. axb5 axb5 30. h4 Qb6+ 31. Kh1 Rf4 32. g3 Rf8 33. h5 Qd4 34. hxg6+ Kxg6 35. Rd1 Qc4 36. Qg2 Qb3 37. Rf1 Rxf1+ 38. Qxf1 Qf3+ 39. Qxf3 Nxf3 40. b3 Nd4 41. Bd7 Be5 42. Kg2 Nxb3 43. Bxb5 Kf5 44. Nf2 Nd2 45. Bd3+ Kg5 46. Kh3 Nf3 47. Ne4+ Kh5 48. Be2 Kg6 49. Bxf3 Bd4 50. g4 Be5 51. Kg2 Bf4 52. Kf2 Kf7 53. Bg2 Ke7 54. Kf3 Be5 55. Ng3 Kf6 56. Ne4+ Kg6 57. Bf1 Kg7 58. Bb5 Kg6 59. Be8+ Kg7 60. Bh5 1-0


[Site "https://www.chess.com"]

[Event "Titled Tuesday Blitz July 26 Late 2022"]
[White "Begmuratov, Khumoyun"]
[Black "Jin, Ashton"]
[WhiteFideId "14210207"]
[BlackFideId "30931908"]
[WhiteElo "1978"]
[BlackElo "2488"]
[Result "0-1"]
[Round "05"]
[TimeControl "180+1"]
[Date "2022.07.27"]
[WhiteClock "0:00:52"]
[BlackClock "0:00:23"]

1. e4 c5 2. c3 Nf6 3. e5 Nd5 4. d4 cxd4 5. Qxd4 e6 6. Nf3 Nc6 7. Qe4 d6 8. Bb5 Bd7 9. c4 Nc7 10. Bg5 Qc8 11. exd6 Bxd6 12. O-O a6 13. Rd1 axb5 14. Rxd6 O-O 15. Nc3 bxc4 16. Rad1 Nd5 17. Nxd5 exd5 18. Qxd5 Be6 19. Qd2 Rxa2 20. Qc3 Qa8 21. Ne5 Nxe5 22. Qxe5 Qa5 23. Rd8 Rxd8 24. Rxd8+ Qxd8 25. h4 Qe8 26. Qg3 Kh8 27. Bd2 f6 28. Bc3 Ra1+ 29. Kh2 Ra8 30. Qf3 Bf7 31. Qg4 Bg6 32. Qxc4 Rd8 33. Qf4 h5 34. Qg3 Kh7 35. Qc7 Rd7 36. Qf4 Qe4 37. Qg3 Qg4 38. Qxg4 hxg4 39. Kg3 Bf5 40. Kf4 Be6 41. h5 Rd5 42. f3 gxf3 43. Kxf3 Rxh5 44. Bd4 Rf5+ 45. Ke3 Bd5 46. g4 Rf3+ 47. Ke2 Rg3 48. b4 Rxg4 49. Bc5 Rc4 50. Bd6 b5 51. Kf2 Kg6 52. Kg3 Kf5 53. Bf8 g5 54. Bd6 Rc3+ 55. Kf2 0-1


[Site "https://www.chess.com"]

[Event "Titled Tuesday Blitz July 26 Late 2022"]
[White "Bordi, Kevin"]
[Black "Pranav, V"]
[WhiteFideId "621862"]
[BlackFideId "25060783"]
[WhiteElo "2839"]
[BlackElo "2380"]
[Result "0-1"]
[Round "05"]
[TimeControl "180+1"]
[Date "2022.07.26"]
[WhiteClock "0:00:28"]
[BlackClock "0:00:47"]

1. e4 e5 2. Nf3 Nc6 3. d4 exd4 4. Nxd4 Bc5 5. Be3 Qf6 6. c3 Nge7 7. g3 d6 8. Bg2 O-O 9. Nxc6 Nxc6 10. Bxc5 dxc5 11. O-O Rd8 12. Qe2 Ne5 13. Nd2 Qb6 14. b3 Bg4 15. f3 Bh5 16. Kh1 f6 17. Nc4 Nxc4 18. Qxc4+ Bf7 19. Qe2 c4 20. Rab1 Qc6 21. f4 cxb3 22. axb3 Qxc3 23. e5 Rd2 24. Qg4 h5 25. Qh3 fxe5 26. f5 Rad8 27. f6 Rxg2 28. Kxg2 Rd2+ 29. Rf2 Rxf2+ 30. Kxf2 Qc2+ 31. Ke3 Qxb1 32. Qc8+ Kh7 33. Qxc7 Qxb3+ 34. Kf2 gxf6 0-1


[Site "https://www.chess.com"]

[Event "Titled Tuesday Blitz July 26 Late 2022"]
[White "Bortnyk, Olexandr"]
[Black "Gallana, Marco"]
[WhiteFideId "14120828"]
[BlackFideId "824542"]
[WhiteElo "2723"]
[BlackElo "2290"]
[Result "1-0"]
[Round "05"]
[TimeControl "180+1"]
[Date "2022.07.27"]
[WhiteClock "0:02:00"]
[BlackClock "0:00:08"]

1. d4 Nf6 2. Nc3 d5 3. Bf4 g6 4. e3 Bg7 5. h4 h5 6. Nb5 Na6 7. Nf3 Bg4 8. Be2 O-O 9. Ne5 Bxe2 10. Qxe2 c6 11. Nc3 c5 12. O-O-O Rc8 13. g4 cxd4 14. exd4 Rxc3 15. bxc3 Qa5 16. Rd3 Qxa2 17. Kd2 Rc8 18. f3 hxg4 19. Nxg4 Nb4 20. Rc1 Nxd3 21. Qxd3 Nh5 22. Bg5 Qa3 23. Re1 e6 24. Rg1 b5 25. Bh6 Bh8 26. Ne3 Kh7 27. Bg5 b4 28. Nd1 bxc3+ 29. Ke2 Qb4 30. Be3 Qc4 31. Rg4 a5 32. Qxc4 Rxc4 33. Kd3 a4 34. Nxc3 a3 35. Rg1 Bf6 36. Ra1 Bxh4 37. Rxa3 Bf6 38. Ra7 Kg7 39. Nb5 Rc6 40. Rd7 Ng3 41. Nd6 Nf5 42. Rxf7+ Kg8 43. Rxf6 Rxd6 44. Rxg6+ Kf7 45. Rg1 Nxe3 46. Kxe3 Rc6 47. Kd3 Ra6 48. Rh1 Ra3+ 49. c3 Ra2 50. Rh7+ Kf6 51. Rh8 Rg2 52. Rf8+ Ke7 53. Ra8 Rf2 54. Ke3 Rc2 55. Rc8 Kd7 56. Rc5 Kd6 57. f4 Rc1 58. Ke2 Rc2+ 59. Kd3 Rf2 60. Ke3 Rc2 61. Kf3 Rc1 62. Kg4 Rg1+ 63. Kh4 Rf1 64. Kg3 Rg1+ 65. Kf2 Rc1 66. Rc8 Rc2+ 67. Kf3 Kd7 68. Rc5 Kd6 69. Kg4 Rg2+ 70. Kh5 Rf2 71. Kg5 Rg2+ 72. Kh4 Rf2 73. Kg4 Rg2+ 74. Kh3 Rf2 75. Kg3 Rc2 76. Kf3 Rc1 77. Ke2 Rc2+ 78. Kd3 Rf2 79. Ra5 Rxf4 80. Ra6+ Ke7 81. Kc2 Rf3 82. Kb3 Kf6 83. Kb4 Kf5 84. Rd6 Re3 85. Rd8 e5 86. Rxd5 Ke6 87. Rxe5+ Rxe5 88. dxe5 Kxe5 89. Kc5 1-0


[Site "https://www.chess.com"]

[Event "Titled Tuesday Blitz July 26 Late 2022"]
[White "Daggupati, Balaji"]
[Black "Sjugirov, Sanan"]
[WhiteFideId "2090759"]
[BlackFideId "4189302"]
[WhiteElo "2704"]
[BlackElo "2609"]
[Result "1-0"]
[Round "05"]
[TimeControl "180+1"]
[Date "2022.07.26"]
[WhiteClock "0:00:56"]
[BlackClock "0:00:01"]

1. e4 c5 2. Nf3 d6 3. d4 cxd4 4. Nxd4 Nf6 5. Nc3 a6 6. Qe2 Qc7 7. Bg5 Nbd7 8. O-O-O e6 9. f4 b5 10. Nd5 exd5 11. exd5+ Be7 12. Nf5 Nb6 13. Nxg7+ Kf8 14. Bh6 Kg8 15. Nh5 Ng4 16. Bg7 Nc4 17. Bxh8 Kxh8 18. Qe4 Nce3 19. Rd2 Bf5 20. Qd4+ f6 21. Bd3 Rc8 22. Bxf5 Nxf5 23. Qe4 Nfe3 24. h3 Nc4 25. hxg4 Nxd2 26. Kxd2 Bf8 27. Nxf6 1-0


[Site "https://www.chess.com"]

[Event "Titled Tuesday Blitz July 26 Late 2022"]
[White "Danielyan, Vahe"]
[Black "Averjanov, Alexey"]
[WhiteFideId "13304828"]
[BlackFideId "14109867"]
[WhiteElo "2419"]
[BlackElo "2622"]
[Result "0-1"]
[Round "05"]
[TimeControl "180+1"]
[Date "2022.07.27"]
[WhiteClock "0:00:02"]
[BlackClock "0:00:06"]

1. c4 c5 2. g3 Nc6 3. Bg2 g6 4. Nc3 Bg7 5. e3 e6 6. Nge2 Nge7 7. d4 cxd4 8. Nb5 d5 9. cxd5 Nxd5 10. Nbxd4 Nxd4 11. Nxd4 O-O 12. O-O b6 13. Bd2 Bb7 14. Qb3 Rc8 15. Rfd1 Qe7 16. a4 Rfd8 17. h4 h5 18. a5 e5 19. a6 Ba8 20. Nb5 e4 21. Nc3 Nxc3 22. Bxc3 Bxc3 23. bxc3 Kg7 24. Rd4 Rc5 25. Rad1 Rxd4 26. cxd4 Ra5 27. Qc3 Rxa6 28. d5+ Kh7 29. d6 Qd7 30. Bh3 f5 31. Qc7 Qxc7 32. dxc7 Bb7 33. Rd7+ Kh6 34. Rd6 Ra1+ 35. Kh2 Ra2 36. Kg2 Kg7 37. Rd7+ Kf6 38. Rd6+ Ke5 39. Rxg6 Rc2 40. Rg5 Bc8 41. Rxh5 Rxc7 42. Rh8 a5 43. h5 a4 44. h6 Be6 45. Ra8 b5 46. Kh2 Rh7 47. Bf1 Rxh6+ 48. Kg2 Bc4 49. Bxc4 bxc4 50. Rxa4 Rc6 51. Ra5+ Kd6 52. Kf1 Rc5 53. Ra6+ Kd5 54. Ke2 c3 55. Ra1 Kc4 56. Kd1 Kd3 57. Ra2 Rb5 58. Ra1 c2+ 59. Kc1 Rb3 60. g4 fxg4 61. f3 gxf3 62. Ra3 Rxa3 63. Kb2 Ra1 0-1


[Site "https://www.chess.com"]

[Event "Titled Tuesday Blitz July 26 Late 2022"]
[White "De Gleria, Francesco"]
[Black "Melikyan, Gnel"]
[WhiteFideId "4630394"]
[BlackFideId "54109990"]
[WhiteElo "2283"]
[BlackElo "1772"]
[Result "0-1"]
[Round "05"]
[TimeControl "180+1"]
[Date "2022.07.27"]
[WhiteClock "0:00:01"]
[BlackClock "0:00:06"]

1. e4 e5 2. Nf3 Nc6 3. d4 exd4 4. Nxd4 Nf6 5. Nc3 Bb4 6. Nxc6 bxc6 7. Bd3 O-O 8. O-O d5 9. Bd2 Bxc3 10. Bxc3 Nxe4 11. Bxe4 dxe4 12. Qh5 Qd5 13. Qe5 Qxe5 14. Bxe5 Ba6 15. Rfd1 Rac8 16. Rd7 f6 17. Bxc7 Rf7 18. Rxf7 Kxf7 19. Bf4 Bc4 20. b3 Be6 21. Rd1 a5 22. Rd4 c5 23. Rxe4 c4 24. h4 a4 25. bxa4 Ra8 26. Bd6 Rxa4 27. a3 Ra8 28. Bb4 h5 29. f3 Rd8 30. Kf2 Rd1 31. a4 Ra1 32. a5 Ra2 33. Re2 Bf5 34. c3 Ra4 35. Ke3 Bd3 36. Rd2 Ke6 37. Kd4 Kf5 38. Kc5 Kf4 39. Kb6 Ke3 40. Rb2 g5 41. hxg5 fxg5 42. a6 g4 43. Bc5+ Kf4 44. Rf2 g3 45. Rb2 h4 46. Kb7 h3 47. gxh3 Kxf3 48. a7 Be4+ 49. Kb8 g2 50. h4 Ra1 51. Rf2+ Kg3 52. Re2 Bd5 53. Bf2+ Kf3 54. Rd2 Be4 55. Bd4 g1=Q 56. Bxg1 Rxg1 57. Rd4 Rg8+ 58. Kc7 Ra8 59. Rxe4 Kxe4 60. Kb7 Rxa7+ 0-1


[Site "https://www.chess.com"]

[Event "Titled Tuesday Blitz July 26 Late 2022"]
[White "Deviprasath, Sharvesh"]
[Black "Blanco Ronquillo, Humberto L."]
[WhiteFideId "30938228"]
[BlackFideId "3504239"]
[WhiteElo "2102"]
[BlackElo "2423"]
[Result "1-0"]
[Round "05"]
[TimeControl "180+1"]
[Date "2022.07.26"]
[WhiteClock "0:01:13"]
[BlackClock "0:00:01"]

1. c4 e6 2. Nf3 d5 3. e3 Nf6 4. Nc3 Bd6 5. d4 b6 6. b3 O-O 7. Bb2 Bb7 8. cxd5 exd5 9. Bd3 Re8 10. O-O Nbd7 11. Rc1 a6 12. Qc2 Ne4 13. Ne2 Qf6 14. Ng3 g6 15. Ne5 Qe7 16. f3 Nxg3 17. hxg3 Nxe5 18. dxe5 Bxe5 19. Bxe5 Qxe5 20. Qxc7 Qxe3+ 21. Kh2 Re7 22. Qd6 Re6 23. Qd7 g5 24. Bf5 Re7 25. Qd6 d4 26. Qh6 g4 27. f4 f6 28. Rfe1 Qf2 29. Rg1 Rae8 30. Qxf6 Rg7 31. Be6+ Kh8 32. Rc7 1-0


[Site "https://www.chess.com"]

[Event "Titled Tuesday Blitz July 26 Late 2022"]
[White "Domingo Nunez, Ruben"]
[Black "Derraugh, Geordie"]
[WhiteFideId "22245570"]
[BlackFideId "2603950"]
[WhiteElo "2373"]
[BlackElo "2116"]
[Result "1-0"]
[Round "05"]
[TimeControl "180+1"]
[Date "2022.07.26"]
[WhiteClock "0:00:42"]
[BlackClock "0:00:02"]

1. c4 Nf6 2. g3 g6 3. Bg2 d5 4. cxd5 Nxd5 5. h4 h5 6. Nc3 Nxc3 7. bxc3 Bg7 8. Nf3 c6 9. O-O O-O 10. Rb1 Qc7 11. Qa4 Bf5 12. e4 b5 13. Qc2 Bg4 14. d4 Nd7 15. Ng5 Nb6 16. Ba3 Nc4 17. Bc5 Rfe8 18. a4 a6 19. Rfe1 e5 20. Bf1 Nd6 21. f3 Bc8 22. Red1 Nb7 23. Ba3 exd4 24. f4 dxc3 25. e5 Bf5 26. Qxc3 Bxb1 27. Rxb1 Qb6+ 28. Kh2 Rad8 29. Qc2 Qe3 30. Qxc6 Na5 31. Qc7 Rf8 32. Bxf8 Rxf8 33. Qxa5 Qa3 34. Bg2 bxa4 35. Rb4 Qe3 36. Rxa4 Rc8 37. Qd5 Rf8 38. Rxa6 Qe2 39. Rxg6 1-0


[Site "https://www.chess.com"]

[Event "Titled Tuesday Blitz July 26 Late 2022"]
[White "Dounis, Alexandros"]
[Black "Lashkin, Jegor"]
[WhiteFideId "4213238"]
[BlackFideId "13907808"]
[WhiteElo "2204"]
[BlackElo "2368"]
[Result "0-1"]
[Round "05"]
[TimeControl "180+1"]
[Date "2022.07.26"]
[WhiteClock "0:00:03"]
[BlackClock "0:00:03"]

1. Nf3 d5 2. g3 Nf6 3. Bg2 c6 4. O-O Bf5 5. d3 Nbd7 6. Nh4 Bg4 7. h3 Bh5 8. f4 Qb6+ 9. Kh1 e6 10. g4 Bg6 11. Nd2 Be7 12. Qe1 Qd8 13. Nhf3 Bd6 14. Nb3 Qc7 15. Nh4 O-O-O 16. e4 dxe4 17. dxe4 Kb8 18. e5 Nxe5 19. fxe5 Bxe5 20. Qxe5 Qxe5 21. Bf4 Qxf4 22. Rxf4 Bxc2 23. Na5 Rd7 24. Raf1 Bd3 25. R1f2 Rf8 26. g5 Nd5 27. Bxd5 Rxd5 28. Nb3 Rxg5 29. Rxf7 Rxf7 30. Rxf7 Be4+ 31. Kh2 a5 32. Nd2 Bd5 33. Ndf3 Bxf3 34. Nxf3 Rb5 35. b3 a4 36. bxa4 Rb2+ 37. Kg3 Rxa2 38. Rxg7 h5 39. Rh7 Rxa4 40. Rxh5 b5 41. Re5 b4 42. Re4 Kc7 43. h4 Kd6 44. h5 c5 45. h6 Ra8 46. h7 Rh8 47. Rh4 b3 48. Ng5 b2 49. Rh1 Ke7 50. Kg4 c4 51. Kf4 c3 52. Nf3 c2 53. Nd4 c1=Q+ 54. Ke5 Qxh1 55. Nc6+ Qxc6 56. Kf4 Qd5 57. Ke3 b1=Q 0-1


[Site "https://www.chess.com"]

[Event "Titled Tuesday Blitz July 26 Late 2022"]
[White "Drygalov, Andrey"]
[Black "Korchmar, Vasiliy"]
[WhiteFideId "24171735"]
[BlackFideId "24131750"]
[WhiteElo "2531"]
[BlackElo "2370"]
[Result "1-0"]
[Round "05"]
[TimeControl "180+1"]
[Date "2022.07.26"]
[WhiteClock "0:00:02"]
[BlackClock "0:00:03"]

1. d4 d5 2. c4 c6 3. Nf3 Nf6 4. e3 e6 5. Nc3 Nbd7 6. Qc2 Bd6 7. Be2 dxc4 8. Bxc4 O-O 9. O-O e5 10. h3 exd4 11. exd4 Nb6 12. Bb3 Re8 13. Bg5 Be6 14. Rfe1 Nbd5 15. Nxd5 cxd5 16. Ba4 Rf8 17. Qb3 h6 18. Bxf6 Qxf6 19. Qxb7 Rab8 20. Qc6 Rb6 21. Qc3 Bb4 22. Qc2 Bxe1 23. Rxe1 Bxh3 24. Ne5 Qg5 25. f3 Rc8 26. Qf2 Bf5 27. Bb3 Rc1 28. g3 Be6 29. f4 Rxe1+ 30. Qxe1 Qf5 31. Qc3 Rb8 32. Bc2 Qh3 33. Qd3 g6 34. Nxg6 Rxb2 35. Ne5 Rxa2 36. f5 Ra1+ 37. Kf2 Qh2+ 38. Kf3 Qh1+ 39. Kg4 Bc8 40. Qc3 Qe4+ 41. Bxe4 1-0


[Site "https://www.chess.com"]

[Event "Titled Tuesday Blitz July 26 Late 2022"]
[White "Fiedorek, Michal"]
[Black "Pfreundt, Jakob"]
[WhiteFideId "1199528"]
[BlackFideId "12918156"]
[WhiteElo "1833"]
[BlackElo "2345"]
[Result "1-0"]
[Round "05"]
[TimeControl "180+1"]
[Date "2022.07.27"]
[WhiteClock "0:00:06"]
[BlackClock "0:00:04"]

1. e4 e5 2. Nf3 Nf6 3. Nxe5 d6 4. Nf3 Nxe4 5. Nc3 Nf6 6. d4 Be7 7. Bd3 O-O 8. O-O Re8 9. h3 a6 10. Re1 b5 11. a4 b4 12. Ne4 Bb7 13. Ng3 Nbd7 14. Nf5 Bf8 15. Bg5 Rxe1+ 16. Qxe1 h6 17. Bh4 g6 18. Ne3 Bxf3 19. gxf3 Bg7 20. Qxb4 Rb8 21. Qd2 Qc8 22. b4 Qb7 23. Kg2 Nh5 24. Bg3 Bxd4 25. Rb1 Be5 26. Be4 Qa7 27. Ng4 Bg7 28. Nxh6+ Bxh6 29. Qxh6 Qd4 30. b5 axb5 31. Rxb5 Rxb5 32. axb5 Ndf6 33. Qe3 Qxe3 34. fxe3 Nxe4 35. fxe4 Nxg3 36. Kxg3 Kg7 37. Kf4 Kf6 38. h4 Ke6 39. Kg5 Ke5 40. Kh6 Kf6 41. c3 Ke5 42. Kg7 Ke6 43. c4 Ke7 44. e5 dxe5 45. e4 Ke6 46. c5 f5 47. exf5+ gxf5 48. h5 f4 49. h6 f3 50. h7 f2 51. h8=Q f1=Q 52. Qc8+ Kd5 53. Qxc7 Qxb5 54. Qd6+ Ke4 55. c6 Qc4 56. c7 Ke3 57. Qd7 Qf4 58. c8=Q Qg5+ 59. Kf8 Qf6+ 60. Ke8 Qh8+ 61. Ke7 Qg7+ 62. Kd8 Qf8+ 63. Kc7 Qc5+ 64. Qc6 Qa7+ 65. Q8b7 Qa5+ 66. Qbb6+ Qxb6+ 67. Qxb6+ Kd3 68. Qd6+ Kc4 69. Qxe5 1-0


[Site "https://www.chess.com"]

[Event "Titled Tuesday Blitz July 26 Late 2022"]
[White "Fishbein, Alexander"]
[Black "Abdrlauf, Elham"]
[WhiteFideId "2000377"]
[BlackFideId "1533533"]
[WhiteElo "2410"]
[BlackElo "2429"]
[Result "1/2-1/2"]
[Round "05"]
[TimeControl "180+1"]
[Date "2022.07.26"]
[WhiteClock "0:00:20"]
[BlackClock "0:00:03"]

1. e3 e5 2. d4 exd4 3. exd4 Nf6 4. Nf3 d5 5. Bd3 Bd6 6. Qe2+ Be6 7. Ng5 Qe7 8. Nxe6 fxe6 9. c3 O-O 10. Nd2 Nbd7 11. Nf3 Rae8 12. Bg5 e5 13. dxe5 Nxe5 14. O-O Nxd3 15. Qxd3 Qe4 16. Rad1 c6 17. Bxf6 Rxf6 18. Rfe1 Qxd3 19. Rxe8+ Kf7 20. Rxd3 Kxe8 21. g3 Kd7 22. Kg2 b5 23. b3 a5 24. a4 bxa4 25. bxa4 Bc5 26. c4 Kd6 27. cxd5 cxd5 28. Rd2 Bb4 29. Re2 Bc3 30. Re8 Kc5 31. Rb8 Kc4 32. Rb7 Rd6 33. Rb5 Bb4 34. Kf1 d4 35. Ke2 d3+ 36. Kd1 Kb3 37. Rb7 Kxa4 38. Rxg7 Kb3 39. Rxh7 a4 40. Nd2+ Bxd2 41. Kxd2 a3 42. Rb7+ Ka4 43. h4 Ra6 44. Rb1 a2 45. Ra1 Kb3 46. Kxd3 Kb2 47. Re1 Rd6+ 48. Kc4 Rc6+ 49. Kd5 Rc2 50. f4 Rc3 51. Re2+ Rc2 52. Re1 Rc1 53. Re2+ Rc2 54. Re1 1/2-1/2


[Site "https://www.chess.com"]

[Event "Titled Tuesday Blitz July 26 Late 2022"]
[White "Gaisinsky, Adam"]
[Black "Madaminov, Mukhiddin"]
[WhiteFideId "2620561"]
[BlackFideId "14210703"]
[WhiteElo "1965"]
[BlackElo "2011"]
[Result "0-1"]
[Round "05"]
[TimeControl "180+1"]
[Date "2022.07.27"]
[WhiteClock "0:00:02"]
[BlackClock "0:00:49"]

1. d4 Nf6 2. Nf3 g6 3. c4 Bg7 4. Nc3 d5 5. cxd5 Nxd5 6. e4 Nxc3 7. bxc3 c5 8. Be3 Qa5 9. Qd2 cxd4 10. cxd4 Qxd2+ 11. Kxd2 O-O 12. h4 Nc6 13. e5 Be6 14. h5 Rfd8 15. Bd3 Bd5 16. h6 Bxf3 17. gxf3 Bxe5 18. Rab1 Bxd4 19. Rxb7 Ne5 20. Be4 f5 21. Bxd4 Rxd4+ 22. Ke3 Rad8 23. Bb1 f4+ 24. Ke2 Rd2+ 25. Kf1 Rd1+ 26. Kg2 Rxh1 27. Kxh1 Kf7 28. Be4 Rd7 29. Rb5 Kf6 30. Ra5 Nf7 31. Ra6+ Kg5 32. Kg2 Nxh6 33. a4 Nf7 34. Ra5+ Kf6 35. Ra6+ Nd6 36. Rc6 Ke5 37. Rc5+ Kf6 38. Rc6 e6 39. Bc2 Nf7 40. Bb3 Re7 41. a5 Ne5 42. Rd6 g5 43. a6 h5 44. Rd8 Ng6 45. Bc2 Nh4+ 46. Kg1 Nxf3+ 47. Kg2 Ne1+ 48. Kf1 Nxc2 49. Rf8+ Ke5 50. Rh8 h4 51. Rg8 Kf5 52. Rb8 e5 53. Rb7 Re6 54. Rxa7 Nd4 55. Ra8 Kg4 56. a7 Ra6 57. Kg2 f3+ 58. Kh2 Nc6 0-1


[Site "https://www.chess.com"]

[Event "Titled Tuesday Blitz July 26 Late 2022"]
[White "Goltseva, Ekaterina"]
[Black "Yuan, Qingyu"]
[WhiteFideId "24173770"]
[BlackFideId "8609772"]
[WhiteElo "2086"]
[BlackElo "2359"]
[Result "0-1"]
[Round "05"]
[TimeControl "180+1"]
[Date "2022.07.26"]
[WhiteClock "0:00:01"]
[BlackClock "0:00:04"]

1. d4 d5 2. c4 e6 3. Nf3 Nf6 4. Nc3 a6 5. cxd5 exd5 6. Bg5 Be6 7. Bxf6 Qxf6 8. Qb3 Ra7 9. g3 Qd8 10. Bg2 c6 11. h4 h6 12. Ne5 Nd7 13. Nd3 Bd6 14. Rc1 O-O 15. Na4 Re8 16. Nac5 Nxc5 17. Nxc5 Bc8 18. e3 b6 19. Na4 b5 20. Nc5 Qa5+ 21. Kf1 Bg4 22. h5 Bxc5 23. Rxc5 Qd2 24. Qc2 Be2+ 25. Kg1 Qe1+ 26. Kh2 Qxf2 27. Rf1 Qxe3 28. Re1 Rae7 29. Rxc6 Qxd4 30. Rc8 Qg4 31. Rxe8+ Rxe8 32. Bf1 Qxh5+ 33. Kg1 Qf3 34. Rxe2 Qxg3+ 35. Rg2 Qe3+ 36. Qf2 d4 37. Qxe3 dxe3 38. Rc2 g5 39. Be2 Kg7 40. Rc5 Kf6 41. Kf1 Re5 42. Rc6+ Re6 43. Rc5 Ke7 44. Bg4 Re4 45. Bf3 Re6 46. Ke2 Kd6 47. Rc6+ Ke5 48. Rxe6+ Kxe6 49. Kxe3 Ke5 50. Bb7 a5 51. Bc6 b4 52. Be8 f5 53. Bd7 h5 54. Be8 h4 55. Bh5 g4 56. Kf2 Kf4 57. Bg6 h3 58. Bf7 Kg5 59. Bd5 f4 60. Ke2 Kf5 61. Kf2 Ke5 62. Bc6 Kf5 63. Bd7+ Kg5 64. Bc8 Kh4 65. Bd7 g3+ 66. Kf1 Kg5 67. Bc6 Kg4 68. Bd7+ Kh4 69. Be6 f3 70. Bd5 g2+ 71. Kg1 Kg3 72. Be6 h2# 0-1


[Site "https://www.chess.com"]

[Event "Titled Tuesday Blitz July 26 Late 2022"]
[White "Grischuk, Alexander"]
[Black "Grigorov, Grigor"]
[WhiteFideId "4126025"]
[BlackFideId "2907313"]
[WhiteElo "2762"]
[BlackElo "2510"]
[Result "1-0"]
[Round "05"]
[TimeControl "180+1"]
[Date "2022.07.26"]
[WhiteClock "0:00:19"]
[BlackClock "0:00:14"]

1. d4 Nf6 2. c4 e6 3. Nc3 Bb4 4. e3 O-O 5. Bd3 d5 6. a3 Bxc3+ 7. bxc3 dxc4 8. Bxc4 c5 9. Ne2 Qc7 10. Bd3 b6 11. e4 Ba6 12. O-O Bxd3 13. Qxd3 cxd4 14. cxd4 Nbd7 15. Bb2 Rac8 16. Rac1 Qb7 17. Ng3 Rxc1 18. Rxc1 Rc8 19. Rxc8+ Qxc8 20. h3 h6 21. d5 exd5 22. Nf5 Qc7 23. exd5 Qf4 24. Bxf6 Nxf6 25. d6 Kf8 26. g3 Qc1+ 27. Kh2 Qc6 28. Qd4 Qd7 29. Nxh6 Ne8 30. Nf5 f6 31. Qd5 g6 32. Ne7 Nxd6 33. Nxg6+ Kg7 34. Nf4 Kf8 35. h4 1-0


[Site "https://www.chess.com"]

[Event "Titled Tuesday Blitz July 26 Late 2022"]
[White "Hafiz, Arif Abdul"]
[Black "Pesotskiy, Mikhail"]
[WhiteFideId "7104227"]
[BlackFideId "34164453"]
[WhiteElo "2198"]
[BlackElo "2010"]
[Result "1-0"]
[Round "05"]
[TimeControl "180+1"]
[Date "2022.07.26"]
[WhiteClock "0:00:35"]
[BlackClock "0:00:08"]

1. e4 e6 2. d4 d5 3. Nc3 Bb4 4. e5 c5 5. Bd2 Ne7 6. Nb5 Bxd2+ 7. Qxd2 O-O 8. f4 cxd4 9. Nf3 Nbc6 10. Bd3 Qb6 11. O-O Bd7 12. Qf2 h6 13. Nbxd4 Nxd4 14. Nxd4 Nc6 15. Nb5 Qxf2+ 16. Kxf2 f6 17. exf6 Rxf6 18. Ke3 Nb4 19. Nd4 Re8 20. a3 Nxd3 21. cxd3 e5 22. fxe5 Rxe5+ 23. Kd2 Rb6 24. b4 a5 25. b5 Rh5 26. h3 Rh4 27. Kc3 Rg6 28. Rf2 b6 29. Re1 Bxh3 30. gxh3 Rxh3 31. Re8+ Kh7 32. Ne6 Rgg3 33. Nf4 Rh1 34. Nxd5 Rc1+ 35. Rc2 Ra1 36. Kb2 Rd1 37. Nxb6 Rdxd3 38. a4 Rb3+ 39. Ka2 Ra3+ 40. Kb2 Rab3+ 41. Kc1 Rg1+ 42. Kd2 Rg2+ 43. Re2 Rg4 44. Rc4 Rb2+ 45. Ke3 Rg3+ 46. Kf2 1-0


[Site "https://www.chess.com"]

[Event "Titled Tuesday Blitz July 26 Late 2022"]
[White "Hjartarson, Johann"]
[Black "Prydun, Andriy"]
[WhiteFideId "2300044"]
[BlackFideId "14145898"]
[WhiteElo "2458"]
[BlackElo "2063"]
[Result "1/2-1/2"]
[Round "05"]
[TimeControl "180+1"]
[Date "2022.07.27"]
[WhiteClock "0:00:09"]
[BlackClock "0:00:04"]

1. Nf3 Nf6 2. g3 d6 3. Bg2 e5 4. O-O Be7 5. d4 Nbd7 6. c4 O-O 7. Nc3 Re8 8. e4 Bf8 9. h3 a6 10. Re1 Rb8 11. a4 a5 12. d5 Nc5 13. Qc2 Na6 14. Be3 Nd7 15. Nd2 Be7 16. Rf1 Bf6 17. Rae1 Ndc5 18. b3 Nb4 19. Qb1 Bg5 20. Nf3 Bxe3 21. Rxe3 Bd7 22. Qd1 Qe7 23. Nd2 Qf8 24. Kh2 Re7 25. Nb5 Bxb5 26. cxb5 Rbe8 27. Nc4 b6 28. h4 f5 29. exf5 Qxf5 30. Bh3 Qc2 31. Qxc2 Nxc2 32. Rc3 Nd4 33. Nd2 Rf8 34. f3 e4 35. fxe4 Rxf1 36. Bxf1 Kf8 37. Kg1 Nxe4 38. Nxe4 Rxe4 39. Rxc7 Re3 40. Kf2 Rxb3 41. Rb7 Rb2+ 42. Ke3 Nf5+ 43. Kf3 Nd4+ 44. Ke3 Nf5+ 45. Kd3 Nxg3 46. Bh3 Ne2 47. Be6 Nf4+ 48. Kc3 Rb4 49. Rxb6 Rxa4 50. Rxd6 Rb4 51. b6 Nxe6 52. dxe6 Ke7 53. Rc6 g6 54. Rc7+ Kxe6 55. Rxh7 Rxb6 56. h5 Kf5 57. hxg6 Kxg6 58. Ra7 Rc6+ 59. Kb3 Rf6 60. Ka4 Rf5 61. Rxa5 Rxa5+ 62. Kxa5 1/2-1/2


[Site "https://www.chess.com"]

[Event "Titled Tuesday Blitz July 26 Late 2022"]
[White "Isajevsky, Anton"]
[Black "Williams, John M"]
[WhiteFideId "4142500"]
[BlackFideId "2046636"]
[WhiteElo "2510"]
[BlackElo "2371"]
[Result "1-0"]
[Round "05"]
[TimeControl "180+1"]
[Date "2022.07.27"]
[WhiteClock "0:00:18"]
[BlackClock "0:00:09"]

1. d4 Nf6 2. Nf3 e6 3. g3 d5 4. Bg2 c5 5. O-O Nc6 6. c4 cxd4 7. Nxd4 Be7 8. cxd5 exd5 9. Nc3 O-O 10. Qa4 Bd7 11. Rd1 Ne5 12. Qb3 Bc6 13. Bg5 Bc5 14. Rac1 h6 15. Bxf6 Qxf6 16. Nxd5 Bxd5 17. Qxd5 b6 18. e3 Rad8 19. Qb3 Ng4 20. Bf3 Bxd4 21. Bxg4 Bxb2 22. Rc7 Rxd1+ 23. Bxd1 a5 24. Bh5 g6 25. Bxg6 Qxg6 26. Qxb2 Rd8 27. Qc2 Qg4 28. Kg2 Qe6 29. h3 Qd5+ 30. e4 Qe6 31. Rc6 Rd6 32. Rc8+ Kg7 33. Qc3+ f6 34. Rc7+ Rd7 35. Rxd7+ Qxd7 36. h4 Qe6 37. Qc2 Qe5 38. Kf3 b5 39. Ke3 Qb8 40. f4 Qb6+ 41. Kd3 b4 42. Qc4 Qd8+ 43. Qd5 Qb6 44. h5 Qa6+ 45. Qc4 Qb7 46. Ke3 a4 47. Kd3 b3 48. axb3 axb3 49. Qd5 Qa6+ 50. Kc3 b2 51. Kxb2 Qe2+ 52. Kc3 Qe1+ 53. Kc4 Qxg3 54. Qf5 Qa3 55. Qd7+ Kg8 56. Qe8+ Kg7 57. Qg6+ Kf8 58. Qxf6+ Ke8 59. Qe6+ Kd8 60. Qd5+ Ke8 61. f5 Qa2+ 62. Kd4 Qb2+ 63. Kc5 Qa3+ 64. Kc6 Qa6+ 65. Kc5 Qa5+ 66. Kd4 Qa1+ 67. Ke3 Qc1+ 68. Kf3 Qf1+ 69. Ke3 Qe1+ 70. Kd4 Qd2+ 71. Ke5 Qb2+ 72. Ke6 Qb6+ 73. Qd6 Qb3+ 74. Kf6 Qf7+ 75. Ke5 Qg7+ 76. Qf6 Qc7+ 77. Qd6 Qc3+ 78. Ke6 Qb3+ 79. Kf6 Qf7+ 80. Ke5 Qg7+ 81. f6 Qg5+ 82. Kd4 Qd2+ 83. Ke5 Qg5+ 84. Ke6 Qg4+ 85. Kd5 Qd1+ 86. Kc6 Qc2+ 87. Qc5 Qxe4+ 88. Kd6 Qf4+ 89. Qe5+ Qxe5+ 90. Kxe5 Kf7 91. Kf5 Kf8 92. Kg6 Kg8 93. Kxh6 Kf7 94. Kg5 Kg8 95. Kg6 Kf8 96. f7 1-0


[Site "https://www.chess.com"]